 Dungeon Crawl Stone Soup version 0.27-a0-1137-g3ef0f4ec91 (webtiles) character file.

Game seed: 9684168988100422324

18768 reriks the Frost Mage (level 12, -5/74 HPs)
             Began as a Barachi Ice Elementalist on May 6, 2021.
             Was an Elder of Vehumet.
             Slain by a cane toad (12 damage)
             ... on level 2 of the Lair of Beasts.
             The game lasted 01:09:57 (23607 turns).

reriks the Frost Mage (Barachi Ice Elementalist)   Turns: 23607, Time: 01:09:57

Health: -5/74      AC: 12    Str: 10    XL:     12   Next: 62%
Magic:  29/34      EV: 19    Int: 19    God:    Vehumet [****..]
Gold:   602        SH:  8    Dex: 20    Spells: 7/30 levels left

rFire    . . .     SeeInvis .   s - +4 club (spect)
rCold    . . .     Faith    +   c - +1 buckler
rNeg     . . .     Spirit   .   R - +0 steam dragon scales
rPois    .         Reflect  .   (no helmet)
rElec    .         Harm     .   I - +0 cloak
rCorr    .         Rampage  .   X - +0 pair of gloves
Will     .....                  Q - +0 pair of boots
Stlth    ++........             w - amulet of faith
HPRegen  0.22/turn              m - +6 ring of dexterity
MPRegen  0.24/turn              d - ring of magical power

@: lethally poisoned (-5 -> -18), slow
A: amphibious, slowness 1, strong legs 1, +LOS
a: Hop, Renounce Religion


You were on level 2 of the Lair of Beasts.
You worshipped Vehumet.
Vehumet was greatly pleased with you.
You visited 3 branches of the dungeon, and saw 15 of its levels.
You also visited: Bailey.

You collected 858 gold pieces.
You spent 256 gold pieces at shops.

Inventory:

Hand Weapons
 s - a +4 spectral club (weapon)
 S - the +9 scythe "Cegidghiw" {vorpal, rF- Will+ Str+3 Dex+3}
   (You bought it in a shop on level 4 of the Dungeon)

   It inflicts extra damage upon your enemies.
   It affects your strength (+3).
   It affects your dexterity (+3).
   It makes you vulnerable to fire.
   It increases your willpower.
Missiles
 g - a throwing net
 y - 232 stones (quivered)
 N - 2 boomerangs of dispersal
 V - 4 curare-tipped darts
Armour
 a - a +0 robe
 b - +0 ice dragon scales
 c - a +1 buckler (worn)
 B - a +0 crystal plate armour
 I - a +0 cloak (worn)
 O - a +0 leather armour
 Q - a +0 pair of boots (worn)
 R - +0 steam dragon scales (worn)
 W - a +0 troll leather armour
 X - a +0 pair of gloves (worn)
Magical Staves
 q - a staff of conjuration
 t - a staff of death
Jewellery
 d - a ring of magical power (right hand)
 m - a +6 ring of dexterity (left hand)
 n - a +6 ring of dexterity
 u - an amulet of regeneration
 w - an amulet of faith (around neck)
 H - a ring of flight
Wands
 k - a wand of polymorph (17)
 A - a wand of flame (21)
 T - a wand of iceblast (1)
Scrolls
 f - 4 scrolls of amnesia
 j - 3 scrolls of brand weapon
 r - 7 scrolls of teleportation
 v - 3 scrolls of fog
 z - 4 scrolls of immolation
 M - 2 scrolls of enchant armour
Potions
 e - 9 potions of curing
 h - a potion of cancellation {unknown}
 l - 6 potions of might {unknown}
 o - 8 potions of attraction {unknown}
 p - a potion of magic {unknown}
 x - 2 potions of mutation {unknown}
 C - 7 potions of haste
 D - a potion of lignification {unknown}
 E - 4 potions of brilliance {unknown}
 F - a potion of berserk rage {unknown}
 G - 2 potions of invisibility {unknown}
 J - a potion of flight {unknown}
 K - a potion of resistance {unknown}
 P - 2 potions of heal wounds {unknown}
 U - a potion of ambrosia {unknown}
Miscellaneous
 Y - a lightning rod (4/4)


   Skills:
 + Level 11.0 Armour
 + Level 10.5 Dodging
 - Level 2.2 Stealth
 - Level 7.3 Shields
 + Level 9.8 Spellcasting
 + Level 4.9 Fire Magic
 + Level 12.0 Ice Magic


You had 7 spell levels left.
You knew the following spells:

 Your Spells              Type           Power      Damage    Failure   Level
a - Freeze                Ice            100%       1d11      1%          1
b - Frozen Ramparts       Ice            100%       1d12      1%          3
c - Ozocubu's Armour      Ice            53%        N/A       1%          3
d - Hailstorm             Conj/Ice       32%        3d8       1%          4
e - Metabolic Englaciati  Hex/Ice        16%        N/A       19%         5
f - Conjure Flame         Conj/Fire      18%        6-21      2%          3
g - Ice Form              Ice/Tmut       32%        N/A       6%          4

Your spell library contained the following spells:

 Spells                   Type           Power      Damage    Failure   Level
 Stone Arrow              Conj/Erth      18%        3d8       6%          3
 Ensorcelled Hibernation  Hex/Ice        64%        N/A       1%          2
 Poisonous Vapours        Pois/Air       18%        N/A       3%          2
 Ignite Poison            Fire/Tmut/Pois 15%        N/A       3%          3
 Dazzling Flash           Conj/Hex       18%        N/A       6%          3
 Mephitic Cloud           Conj/Pois/Air  9%         N/A       6%          3
 Animate Skeleton         Necr           18%        N/A       8%          1
 Apportation              Tloc           18%        N/A       8%          1
 Beastly Appendage        Tmut           18%        N/A       8%          1
 Corona                   Hex            10%        N/A       8%          1
 Pain                     Necr           36%        1d5       8%          1
 Sting                    Tmut/Pois      36%        1d4       8%          1
 Summon Small Mammal      Summ           36%        N/A       8%          1
 Wereblood                Tmut           9%         N/A       12%         2
 Olgreb's Toxic Radiance  Pois           9%         N/A       19%         4
 Confusing Touch          Hex            9%         N/A       22%         3
 Spider Form              Tmut/Pois      4%         N/A       22%         3
 Tukima's Dance           Hex            9%         N/A       22%         3
 Vampiric Draining        Necr           4%         2d6       22%         3
 Animate Dead             Necr           4%         N/A       58%         4
 Summon Lightning Spire   Summ/Air       9%         N/A       58%         4
 Agony                    Necr           9%         N/A       91%         5
 Hydra Form               Tmut           4%         N/A       91%         5
 Silence                  Hex/Air        4%         N/A       91%         5
 Conjure Ball Lightning   Conj/Air       4%         3x3d6     94%         6
 Tornado                  Air            4%         N/A       100%        9


Dungeon Overview and Level Annotations

Branches:
Dungeon (11/15)            Temple (1/1) D:7            Lair (3/6) D:11
 Bailey (visited)
  Swamp: Lair:2-4    Shoals: Lair:2-4     Snake: Lair:2-4    Spider: Lair:2-4
    Orc: D:9-12

Altars:
Ashenzari
Cheibriados
Dithmenos
Elyvilon
Fedhas
Gozag
Hepliaklqana
Kikubaaqudgha
Makhleb
Nemelex Xobeh
Okawaru
Qazlal
Ru
Sif Muna
Trog
Uskayaw
Vehumet
Wu Jian
Xom
Yredelemnul
Zin
The Shining One
Beogh

Shops:
D:4 (

Annotations:
D:10 2 runed translucent doors


Innate Abilities, Weirdness & Mutations

You are amphibious.
You cover ground slowly.
You can hop short distances.
You have an extended range of vision and can be seen from far away.


Message History

You feel very sick.
There is a stone staircase leading down here.
Casting: Frozen Ramparts (safe; 1% risk of failure)
Confirm with . or Enter, or press ? or * to list all spells.
A film of ice covers your body!
You feel sick. You block the cane toad's attack.
The elephant tramples you but does no damage.
You block the elephant's attack. The cane toad stings you!
You feel sick. The elephant barely misses you. x2
You block the cane toad's attack.
Casting: Ozocubu's Armour (safe; 1% risk of failure)
Confirm with . or Enter, or press ? or * to list all spells.
Casting: Frozen Ramparts (safe; 1% risk of failure)
Press: ? - help, Dir - look around, f - activate A stone staircase leading down.
The walls around you are covered in ice.
You feel sick.
The wall freezes the cane toad.
The cane toad seems to slow down.
The cane toad barely misses you.
The wall freezes the elephant!
The elephant misses you. The elephant completely misses you.
You hit the elephant.
The elephant is severely wounded.
Your spectral weapon completely misses the elephant.
You feel sick.
The wall freezes the elephant.
The elephant closely misses you.
The elephant trunk-slaps you but does no damage.
The wall freezes the cane toad.
The cane toad seems to slow down.
The cane toad stings you.
You are more poisoned.
The cane toad poisons you!
You hit the elephant but do no damage.
The elephant is almost dead.
Your spectral weapon hits the elephant.
You feel very sick.
The wall freezes the elephant.
The elephant tramples you!
* * * LOW HITPOINT WARNING * * *
You stumble backwards!
Your icy armour cracks and falls away as you move.
The frozen ramparts melt away as you move.
The cane toad stings you!
You die...

...........#.####.#.....##### ###
###.#.#.....####.##....###..### #
.................##....###....# #
......P.....#....##....##.....###
......#....##.....#....##.....'.+
..........รท.......(....P##....#.#
...........###..###....###....##.
...#.#P...)#.#P.F##.......#..####
..............(Y@.......##.### ##
.......................P..#.####.
.................................
.................................
.................................
...........##.#####..............
####.......##..#P##.....#'######.
####P......#P.....##...##'...###.
...##......#......##...#......##.


You could see an elephant, a cane toad (slow) and a friendly +4 spectral club
(summoned).

Vanquished Creatures
  Josephine (D:11)
  Erolcha (D:9)
  2 hydras (Lair:1)
  An ugly thing (D:11)
  2 oklob plants (D:11)
  A cyclops (D:11)
  2 black mambas (Lair:1)
  Maurice (D:9)
  3 cane toads
  An unseen horror (D:10)
  3 komodo dragons
  Psyche (D:11)
  2 trolls (D:11)
  Prince Ribbit (D:6)
  Grinder (D:6)
  5 wraiths (D:11)
  5 yaks (Lair:1)
  Sigmund (D:3)
  A wyvern (D:9)
  Eustachio (D:4)
  3 basilisks
  2 steam dragons
  An acid dragon (D:7)
  A water moccasin (Lair:2)
  4 ice beasts
  2 ogres
  8 orc warriors
  2 necrophages
  13 wolves (Lair:2)
  11 centaurs
  2 phantoms
  A kobold brigand (D:11)
  5 bullfrogs
  A gnoll sergeant (D:9)
  5 scorpions
  A wyvern zombie (D:8)
  A wyvern skeleton (D:6)
  13 killer bees (D:9)
  8 wights
  6 howler monkeys
  A bullfrog zombie (D:5)
  3 hounds
  8 centaur zombies
  4 orc priests
  A jelly (D:5)
  A gnoll shaman (D:7)
  An iguana (D:7)
  Jessica (D:3)
  6 orc wizards
  A hound skeleton (D:4)
  7 adders
  9 gnolls
  2 white imps
  3 dart slugs
  77 orcs
  7 endoplasms
  5 giant cockroaches
  4 hobgoblins
  5 jackals
  2 quokkas
  4 ball pythons
  2 bats
  3 frilled lizards
  5 goblins
  12 kobolds
  5 rats (D:1)
305 creatures vanquished.

Vanquished Creatures (others)
  An air elemental (D:10)
  A water elemental (D:10)
  A fungus (Lair:1)
  20 plants
23 creatures vanquished.

Grand Total: 328 creatures vanquished

Notes
Turn   | Place    | Note
-------+----------+-------------------------------------------
     0 | D:1      | reriks the Barachi Ice Elementalist began the quest for the
                  | Orb.
     0 | D:1      | Reached XP level 1. HP: 13/13 MP: 3/3
   630 | D:1      | Reached XP level 2. HP: 17/19 MP: 0/5
   822 | D:1      | Reached skill level 5 in Ice Magic
  1624 | D:1      | Reached XP level 3. HP: 24/24 MP: 4/6
  2413 | D:2      | Learned a level 3 spell: Frozen Ramparts
  2417 | D:2      | Learned a level 3 spell: Ozocubu's Armour
  2885 | D:2      | Found a faded altar of an unknown god.
  3291 | D:2      | Reached skill level 1 in Shields
  3291 | D:2      | Reached XP level 4. HP: 30/30 MP: 0/8
  3296 | D:2      | Reached skill level 1 in Armour
  3531 | D:3      | Noticed a scorpion
  3538 | D:3      | Killed a scorpion
  3539 | D:3      | Reached XP level 5. HP: 35/35 MP: 0/9
  3677 | D:3      | Noticed Jessica
  3821 | D:3      | Killed Jessica
  4073 | D:3      | Noticed Sigmund
  4092 | D:3      | Killed Sigmund
  4093 | D:3      | Reached skill level 6 in Ice Magic
  4093 | D:3      | Reached XP level 6. HP: 28/41 MP: 10/11
  5076 | D:3      | Found a broken altar of Ashenzari.
  5076 | D:3      | Found a hide-covered altar of Uskayaw.
  5076 | D:3      | Found an iron altar of Okawaru.
  5623 | D:4      | Found Jiulud's Antique Weapon Emporium.
  5658 | D:4      | Reached XP level 7. HP: 11/46 MP: 12/12
  5693 | D:4      | Noticed Eustachio
  5897 | D:4      | Killed Eustachio
  6485 | D:4      | Found a sparkling altar of Nemelex Xobeh.
  6738 | D:5      | Entered Level 5 of the Dungeon
  6998 | D:5      | Reached XP level 8. HP: 52/52 MP: 14/14
  7386 | D:5      | Learned a level 4 spell: Hailstorm
  7392 | D:5      | Learned a level 5 spell: Metabolic Englaciation
  7405 | D:5      | Reached skill level 5 in Dodging
  7405 | D:5      | Reached skill level 7 in Ice Magic
  7992 | D:5      | Reached skill level 5 in Armour
  8157 | D:5      | Reached skill level 5 in Spellcasting
  8568 | D:6      | Reached skill level 5 in Shields
  8568 | D:6      | Reached XP level 9. HP: 28/57 MP: 17/17
  8781 | D:6      | Noticed Grinder
  9266 | D:6      | Reached skill level 8 in Ice Magic
  9444 | D:6      | Noticed Prince Ribbit
  9449 | D:6      | Killed Prince Ribbit
 10510 | D:7      | Found a staircase to the Ecumenical Temple.
 10527 | Temple   | Entered the Ecumenical Temple
 10879 | Temple   | Became a worshipper of Vehumet
 11422 | D:8      | Found a snail-covered altar of Cheibriados.
 11560 | D:8      | Found a flagged portal.
 11575 | Bailey   | Entered a bailey
 11590 | Bailey   | Reached * piety under Vehumet
 11590 | Bailey   | Offered knowledge of Sandblast by Vehumet.
 11662 | Bailey   | Reached XP level 10. HP: 63/63 MP: 19/19
 11663 | Bailey   | Reached skill level 9 in Ice Magic
 11718 | Bailey   | Noticed an orc knight
 11718 | Bailey   | Noticed an orc knight
 11718 | Bailey   | Noticed an orc knight
 12079 | D:8      | Reached ** piety under Vehumet
 12111 | D:8      | Offered knowledge of Poisonous Vapours by Vehumet.
 12803 | D:8      | Found a hazy altar of Hepliaklqana.
 12848 | D:8      | Offered knowledge of Conjure Flame by Vehumet.
 12861 | D:8      | Learned a level 3 spell: Conjure Flame
 12891 | D:8      | Found a sacrificial altar of Ru.
 13104 | D:4      | Bought a transparent scythe for 256 gold pieces
 13104 | D:4      | Identified the +9 scythe "Cegidghiw" {vorpal, rF- Will+
                  | Str+3 Dex+3} (You bought it in a shop on level 4 of the
                  | Dungeon)
 13173 | D:6      | Killed Grinder
 13492 | D:8      | Found a blossoming altar of Fedhas.
 13526 | D:9      | Reached *** piety under Vehumet
 14130 | D:9      | Noticed Erolcha
 14139 | D:9      | Killed Erolcha
 14140 | D:9      | Reached skill level 10 in Ice Magic
 14461 | D:9      | Noticed Maurice
 14479 | D:9      | Killed Maurice
 14480 | D:9      | Reached XP level 11. HP: 68/68 MP: 22/22
 14929 | D:10     | Entered Level 10 of the Dungeon
 14980 | D:10     | Found a large runed translucent door.
 14980 | D:10     | Found a large runed translucent door.
 16044 | D:11     | Noticed a white ugly thing
 16494 | D:11     | Offered knowledge of Fulminant Prism by Vehumet.
 17141 | D:11     | Noticed Josephine
 17166 | D:11     | Killed Josephine
 17603 | D:11     | Reached skill level 1 in Fire Magic
 17603 | D:11     | Reached skill level 11 in Ice Magic
 17907 | D:11     | Noticed Psyche
 17913 | D:11     | Killed Psyche
 18096 | D:11     | Killed a white ugly thing
 18097 | D:11     | Reached skill level 10 in Armour
 18284 | D:11     | Noticed a cyclops
 18872 | D:11     | Killed a cyclops
 18894 | D:11     | Noticed an oklob plant
 18950 | D:11     | Found a staircase to the Lair.
 18950 | D:11     | Noticed an oklob plant
 18957 | D:11     | Killed an oklob plant
 20011 | D:11     | Killed an oklob plant
 20012 | D:11     | Reached XP level 12. HP: 74/74 MP: 25/25
 20125 | Lair:1   | Entered Level 1 of the Lair of Beasts
 20920 | Lair:1   | Noticed a seven-headed hydra
 21318 | Lair:1   | Reached skill level 10 in Dodging
 21409 | Lair:1   | Noticed a six-headed hydra
 21444 | Lair:1   | Killed a six-headed hydra
 21622 | Lair:1   | Killed a seven-headed hydra
 22183 | Lair:2   | Reached **** piety under Vehumet
 22229 | Lair:2   | Learned a level 4 spell: Ice Form
 22624 | Lair:2   | Offered knowledge of Stone Arrow by Vehumet.
 22999 | Lair:2   | Reached skill level 12 in Ice Magic
 23595 | Lair:3   | Noticed a five-headed hydra
 23607 | Lair:2   | Slain by a cane toad

Illustrated notes

Levels and vault maps discovered:
D:1:      nzn_arrival_settlement, layout_loops_corners
D:2:      layout_basic, shapermc_ecumenical_altar_mp_urbaneastern,
          corner_web_ring
D:3:      layout_basic, gammafunk_temple_overflow_claw, uniq_jessica,
          uniq_sigmund
D:4:      layout_layer_cave, lemuel_round_altar, serial_shops,
          nicolae_shop_trees, uniq_eustachio
D:5:      layout_basic, minmay_misc_feat_pillars, grunt_ministairs_3
D:6:      layout_loops_ring, uniq_prince_ribbit1, uniq_grinder
D:7:      layout_basic, minmay_temple_entry_waves
D:8:      layout_rooms, kennysheep_little_box, minitemple, special_room
          [special_room_orc], enter_bailey_2
D:9:      layout_rooms, eino_tiny_chamber, chequers_garden,
          palyth_stone_intersect, uniq_erolcha, uniq_maurice
D:10:     layout_irregular_city, lightli_elemental_guards
D:11:     layout_basic, dpeg_oklobed_lair, serial_curves, eino_curves_01,
          eino_curves_01, eino_curves_02, uniq_josephine, uniq_psyche
Temple:   eino_temple_water
Lair:1:   minmay_guarded_unrand_snakebite, layout_misc_corridors,
          grunt_megastairs_1, serial_bayou_shore_a, lemuel_fruit_fields
Lair:2:   layout_regular_city, st_stairs_12
Lair:3:   wander_river, layout_hall_layers, enter_volcano_2,
          chequers_serial_rivers_micro_b

Skill      XL: |  1  2  3  4  5  6  7  8  9 10 11 12 |
---------------+-------------------------------------+-----
Stealth        | 2 |  2.2
Ice Magic      | 5 6 7 8 10 11 12 | 12.0
Shields        | 1 2 3 5 6 7 |  7.3
Armour         | 1 2 3 4 5 7 8 10 11 | 11.0
Dodging        | 3 4 5 7 8 9 10 | 10.5
Spellcasting   | 3 4 5 6 7 9 |  9.8
Fire Magic     | 2 4 |  4.9

Action                   |  1- 3 |  4- 6 |  7- 9 | 10-12 || total
-------------------------+-------+-------+-------+-------++-------
Melee: Club              |     2 |       |    52 |   258 ||   312
       Mace              |     7 |    12 |       |       ||    19
       Short sword       |       |    12 |    27 |       ||    39
       Unarmed           |       |       |       |     9 ||     9
Throw: Stone             |       |       |    13 |    51 ||    64
 Cast: Freeze            |    45 |    14 |    30 |    18 ||   107
       Frozen Ramparts   |     1 |    21 |    43 |    93 ||   158
       Ozocubu's Armour  |       |     2 |    14 |    44 ||    60
       Hailstorm         |       |       |       |    22 ||    22
       Conjure Flame     |       |       |       |    22 ||    22
       Metabolic Englaci |       |       |       |     1 ||     1
       Ice Form          |       |       |       |     2 ||     2
 Abil: Hop               |     2 |       |     2 |     2 ||     6
Evoke: Wand              |       |       |    67 |    44 ||   111
  Use: Scroll            |     2 |       |     6 |     5 ||    13
 Stab: Sleeping          |       |       |     1 |       ||     1
       Confused          |       |       |       |     3 ||     3
       Distracted        |       |       |       |     2 ||     2
Armor: Robe              |     8 |     4 |    13 |    10 ||    35
       Steam dragon scal |       |       |       |   129 ||   129
       Skin              |       |       |       |     4 ||     4
Dodge: Dodged            |    20 |    13 |    91 |   286 ||   410
Block: Buckler           |     5 |     6 |    52 |   185 ||   248

Table legend: (Time is in decaauts)
 A = Elapsed time spent in this place.
 B = Non-inter-level travel time spent in this place.
 C = Inter-level travel time spent in this place.
 D = Time resting spent in this place.
 E = Time spent auto-exploring this place.
 F = Levels seen in this place.
 G = Mean time per level.
                   A        B        C        D        E       F      G
               +--------+--------+--------+--------+--------+-----+--------+
         Total |  25599 |  24784 |    815 |  12149 |   8781 |  16 | 1599.9 |
       Dungeon |  21213 |  20521 |    692 |  10178 |   7348 |  11 | 1928.5 |
        Temple |    435 |    423 |     12 |      0 |    376 |   1 |  435.0 |
          Lair |   3754 |   3643 |    111 |   1925 |   1015 |   3 | 1251.3 |
        Bailey |    196 |    196 |      0 |     45 |     41 |   1 |  196.0 |
               +--------+--------+--------+--------+--------+-----+--------+

Top non-repeatable levels by time:
    D:11: 4246 daAuts
     D:1: 2374 daAuts
  Lair:2: 2187 daAuts
     D:5: 2141 daAuts
     D:3: 2091 daAuts
     D:6: 1907 daAuts
     D:8: 1764 daAuts
     D:4: 1580 daAuts
  Lair:1: 1498 daAuts
     D:2: 1444 daAuts
     D:9: 1368 daAuts
    D:10: 1292 daAuts
     D:7: 1000 daAuts
  Temple: 435 daAuts
  Bailey: 196 daAuts
